 Dungeon Crawl Stone Soup version 0.26.0-16-gc1dbca0489 (webtiles) character file.

Game seed: 12307178985926139218

389 thiole the Sneak (level 6, 0/41 HPs)
             Began as an Octopode Hedge Wizard on Jan 19, 2021.
             Killed by divine providence
             ... invoked by an orc priest
              (15 damage)
             ... on level 4 of the Dungeon.
             The game lasted 00:07:01 (4050 turns).

thiole the Sneak (Octopode Hedge Wizard)            Turns: 4050, Time: 00:07:02

Health: 0/41       AC:  1    Str: 10    XL:     6   Next: 79%
Magic:  9/12       EV: 13    Int: 18    God:
Gold:   160        SH:  0    Dex: 11    Spells: 7/13 levels left

rFire    + . .     SeeInvis .   j - +3 falchion
rCold    . . .     Faith    .   (no shield)
rNeg     . . .     Spirit   .   b - +0 hat
rPois    .         Reflect  .   (no amulet)
rElec    .         Harm     .   q - ring of protection from fire
rCorr    .         Rampage  .   (no ring)
Will     .....                  (no ring)
Stlth    ++++......             (no ring)
HPRegen  0.13/turn              (no ring)
MPRegen  0.13/turn              (no ring)
                                (no ring)
                                (no ring)

@: attractive, slowed, very slow
A: almost no armour, stealthy swim, amphibious, 8 rings, constrict 8, camouflage
1, gelatinous body 1
a: no special abilities


You were on level 4 of the Dungeon.
You visited 1 branch of the dungeon, and saw 4 of its levels.

You collected 160 gold pieces.

Inventory:

Hand Weapons
 a - a +0 dagger
 h - a +0 hunting sling
 j - a +3 falchion (weapon)
Armour
 b - a +0 hat (worn)
 i - a +0 tower shield
Jewellery
 q - a ring of protection from fire (left tentacle)
Wands
 p - a wand of flame (18)
Scrolls
 c - a scroll of fog {unknown}
 d - 2 scrolls of identify
 f - 4 scrolls of remove curse {unknown}
 n - a scroll of enchant weapon {unknown}
 r - a scroll of immolation {unknown}
Potions
 e - a potion of attraction
 g - a potion of invisibility {unknown}
 k - a potion of curing {unknown}
 l - 2 potions of resistance {unknown}
 m - 2 potions of brilliance {unknown}
 o - a potion of magic {unknown}


   Skills:
 + Level 2.7 Fighting
 - Level 2.0 Dodging
 + Level 5.1 Stealth
 + Level 2.3 Shields
 + Level 4.0 Spellcasting
 - Level 2.0 Conjurations
 - Level 2.0 Summonings
 - Level 1.0 Translocations
 + Level 0.9 Air Magic
 + Level 1.0 Poison Magic


You had 7 spell levels left.
You knew the following spells:

 Your Spells              Type           Power        Failure   Level
a - Magic Dart            Conj           40%          6%          1
b - Call Imp              Summ           10%          10%         2
c - Mephitic Cloud        Conj/Pois/Air  8%           26%         3

Your spell library contained the following spells:

 Spells                   Type           Power        Failure   Level
 Blink                    Tloc           N/A          14%         2
 Slow                     Hex            3%           22%         2
 Conjure Flame            Conj/Fire      7%           28%         3


Dungeon Overview and Level Annotations

Branches:
Dungeon (4/15)
 Temple: D:4-7

Altars:
Fedhas
Kikubaaqudgha
Nemelex Xobeh


Innate Abilities, Weirdness & Mutations

You cannot wear most types of armour.
You are very stealthy in the water. (Stealth+)
You are amphibious.
You can wear up to eight rings at the same time.
You can use your tentacles to constrict eight enemies at once.
Your skin changes colour to match your surroundings (Stealth+).
Your rubbery body absorbs attacks. (AC +1, EV +1)


Message History

You feel attractive to monsters.
The orc wizard points at you and mumbles some strange words.
You resist with some effort.
You barely miss the orc wizard. Your grab misses the orc wizard.
The orc wizard is heavily wounded.
The orc wizard closely misses you.
The orc wizard hits you with a +0 dagger.
The orc wizard closely misses you.
You closely miss the orc wizard. You grab the orc wizard.
You squeeze the orc wizard.
The orc wizard is almost dead.
You constrict the orc wizard.
You kill the orc wizard!
Your Poison Magic skill increases to level 1!
You slash the orc priest! You grab the orc priest. You squeeze the orc priest.
The orc priest is heavily wounded.
You constrict the orc priest. The orc priest closely misses you.
The orc priest mumbles some strange prayers to Beogh against you.
Beogh smites you!
You die...

#.#.# #.# ########
#.#.###.# #...)..#
#....##.####.####.#
#.#.......†.....#.#
#....##.####.##.#.#
#.....#.# #.##.#.#
.######.......#
#....#.#
........#.#####
#......# .########@#
##.##### #o# #.# #)#
#.# ... #<# ..... #.#
....... ##.##
.........####...#####
'.........+...........
##.........####...#.###


You could see an orc priest.

Vanquished Creatures
  4 wights
  A hound (D:4)
  An iguana (D:4)
  An orc wizard (D:4)
  3 gnolls (D:2)
  2 adders
  An ooze (D:1)
  2 adder skeletons (D:4)
  3 worms
  2 leopard geckos (D:1)
  2 orcs
  12 bats
  2 giant cockroaches
  10 goblins
  4 hobgoblins
  2 jackals (D:3)
  3 quokkas
  5 ball pythons
  5 frilled lizards
  9 kobolds
  10 rats
84 creatures vanquished.

Notes
Turn   | Place    | Note
-------+----------+-------------------------------------------
     0 | D:1      | thiole the Octopode Hedge Wizard began the quest for the
                  | Orb.
     0 | D:1      | Reached XP level 1. HP: 11/11 MP: 4/4
   289 | D:1      | Reached XP level 2. HP: 17/17 MP: 4/6
   600 | D:1      | Reached skill level 3 in Stealth
   609 | D:1      | Reached XP level 3. HP: 19/22 MP: 3/7
  1006 | D:2      | Reached skill level 1 in Fighting
  1199 | D:2      | Reached XP level 4. HP: 23/28 MP: 2/9
  1274 | D:1      | Reached skill level 1 in Shields
  1274 | D:1      | Reached XP level 5. HP: 4/34 MP: 5/10
  1548 | D:2      | Reached skill level 4 in Stealth
  1877 | D:2      | Found a blossoming altar of Fedhas.
  1877 | D:2      | Found an ancient bone altar of Kikubaaqudgha.
  2047 | D:2      | Reached XP level 6. HP: 39/39 MP: 4/11
  2738 | D:3      | Learned a level 2 spell: Call Imp
  2742 | D:3      | Learned a level 3 spell: Mephitic Cloud
  3447 | D:3      | Found a sparkling altar of Nemelex Xobeh.
  4047 | D:4      | Reached skill level 5 in Stealth
  4050 | D:4      | Reached skill level 1 in Poison Magic
  4050 | D:4      | Killed from afar by an orc priest

Illustrated notes

Levels and vault maps discovered:
D:1:      beargit_arrival_greenhouse, layout_basic, minmay_distorted
D:2:      cheibrodos_helix_gallery, layout_basic,
          grunt_temple_overflow_growth_and_decay
D:3:      layout_basic, lemuel_crystal_altar
D:4:      layout_loops_corners, nrook_loot_triangle, minmay_misc_feat_tiny

Skill      XL: |  1  2  3  4  5  6 |
---------------+-------------------+-----
Stealth        | 3 4 5 |  5.1
Fighting       | 1 2 |  2.7
Summonings     | 2 |  2.0
Conjurations   | 2 |  2.0
Shields        | 1 2 |  2.3
Spellcasting   | 4 |  4.0
Poison Magic   | 1 |  1.0
Dodging        | |  2.0
Translocations | |  1.0
Air Magic      | |  0.9

Action                   |  1- 3 |  4- 6 || total
-------------------------+-------+-------++-------
Melee: Dagger            |    38 |     5 ||    43
       Tentacles         |     7 |    13 ||    20
       Constrict         |     8 |    15 ||    23
       Falchion          |       |    45 ||    45
 Cast: Magic Dart        |    52 |   107 ||   159
  Use: Scroll            |       |     1 ||     1
       Potion            |       |     1 ||     1
 Stab: Sleeping          |     1 |       ||     1
Armor: Skin              |     4 |     3 ||     7
Dodge: Dodged            |    21 |    35 ||    56
       Rpst.: Falchion   |       |     9 ||     9
